 Dungeon Sprint DCSS version 0.23.2-30-g0e89c35649 (webtiles) character file.

Game seed: 811703017834394339

1907 Kobolds4U the Carver (level 8, -1/83 HPs)
             Began as a Minotaur Berserker on June 10, 2019.
             Was an Elder of Trog.
             Slain by a lindwurm (4 damage)
             ... in the Dungeon (Sprint I: "Red Sonja").
             The game lasted 00:04:16 (1172 turns).

Kobolds4U the Carver (Minotaur Berserker)           Turns: 1172, Time: 00:04:17

Health: -1/83      AC:  8    Str: 22    XL:     8   Next: 94%
Magic:  7/7        EV: 17    Int:  4    God:    Trog [****..]
Gold:   419        SH:  0    Dex: 12    Spells: 7/7 levels left

rFire    + . .     SeeInvis .   a - +0 scimitar
rCold    . . .     Gourm    .   (no shield)
rNeg     . . .     Faith    .   j - +2 scale mail {rF+}
rPois    .         Spirit   .   (helmet restricted)
rElec    .         Reflect  .   (no cloak)
rCorr    .         Harm     .   (no gloves)
MR       ++...     NoTele   +   (no boots)
Stlth    ..........             (no amulet)
HPRegen  1.23/turn              (no ring)
MPRegen  0.10/turn              (no ring)

@: regenerating
A: retaliatory headbutt, horns 2
a: Berserk, Trog's Hand, Brothers in Arms, Renounce Religion


You were in the Dungeon.
You worshipped Trog.
Trog was greatly pleased with you.
You were very hungry.

You visited 1 branch You collected 469 gold pieces.
You spent 50 gold pieces at shops.

Inventory:

Hand Weapons
 a - a +0 scimitar (weapon)
 k - a +5 dagger of speed
Armour
 b - a +0 animal skin
 j - a +2 scale mail of fire resistance (worn)
 l - a +2 robe of cold resistance
Scrolls
 i - a scroll of blinking
 m - a scroll of fog {unknown}
Potions
 f - a potion of haste
 g - 2 potions of magic
 h - a potion of berserk rage
Comestibles
 c - 2 rations


   Skills:
 + Level 12.3 Fighting
 - Level 14.0 Long Blades
 - Level 2.4 Armour
 + Level 13.7 Dodging


You had 7 spell levels left.
You didn't know any spells.
Your spell library was empty.

Dungeon Overview and Level Annotations

Branches:
Dungeon (1/1)

Altars:
Cheibriados
Dithmenos
Elyvilon
Fedhas
Gozag
Hepliaklqana
Kikubaaqudgha
Makhleb
Nemelex Xobeh
Okawaru
Qazlal
Ru
Sif Muna
Trog
Uskayaw
Vehumet
Wu Jian
Xom
Yredelemnul
Zin
The Shining One
Jiyva
Lugonu

Shops:
D %


Innate Abilities, Weirdness & Mutations

You reflexively headbutt those who attack you in melee.
You have a pair of horns on your head.


Message History

* * * LOW HITPOINT WARNING * * *
The lindwurm misses you.
You hit the lindwurm but do no damage. Your headbutt misses the lindwurm.
The lindwurm is severely wounded.
You recover from your berserk rage.
The lindwurm closely misses you. You furiously retaliate!
You headbutt the lindwurm, but do no damage.
The lindwurm claws you.
* * * LOW HITPOINT WARNING * * *
The lindwurm barely misses you.
You feel better. The lindwurm breathes flames at you.
The blast of flame misses you.
You hit the lindwurm but do no damage.
You headbutt the lindwurm, but do no damage.
The lindwurm is severely wounded.
The lindwurm bites you!
* * * LOW HITPOINT WARNING * * *
The lindwurm completely misses you. The lindwurm claws you.
You die...

#####################
..#__#..))..#[.#@k§§+
..'..'..#...##'#$####
#'#__####...††.#.#
#.#### #####.)'.# #.#
#+#### _.+ ._# #'#
#.#


You could see a lindwurm.

Vanquished Creatures
  2 kobold demonologists (D)
  2 demonic crawlers (D)
  A slime creature (D)
  Sigmund (D)
  A yak (D)
  A floating eye (D)
  An ogre (D)
  A jelly (D)
  Ijyb (D)
11 creatures vanquished.

Vanquished Creatures (collateral kills)
  2 demonic crawlers (D)
2 creatures vanquished.

Grand Total: 13 creatures vanquished

Notes
Turn   | Place    | Note
-------+----------+-------------------------------------------
     0 | D        | Kobolds4U the Minotaur Berserker began the quest for the
                  | Orb.
     0 | D        | Reached XP level 1. HP: 19/19 MP: 0/0
     1 | D        | Noticed Ijyb
     6 | D        | Killed Ijyb
     6 | D        | Reached skill level 5 in Long Blades
     6 | D        | Reached skill level 5 in Dodging
     6 | D        | Reached XP level 2. HP: 18/26 MP: 1/1
   102 | D        | Noticed an ogre
   106 | D        | Killed an ogre
   106 | D        | Reached skill level 7 in Long Blades
   106 | D        | Reached XP level 3. HP: 31/31 MP: 2/2
   106 | D        | Reached XP level 4. HP: 39/39 MP: 3/3
   152 | D        | Noticed Sigmund
   165 | D        | Killed Sigmund
   165 | D        | Reached ** piety under Trog
   165 | D        | Reached skill level 9 in Long Blades
   165 | D        | Reached XP level 5. HP: 27/45 MP: 4/4
   291 | D        | Found an ornate altar of the Wu Jian Council.
   291 | D        | Found a deep blue altar of Sif Muna.
   293 | D        | Found a radiant altar of Vehumet.
   300 | D        | Reached XP level 6. HP: 18/53 MP: 5/5
   503 | D        | Found Idworit's Food Emporium.
   503 | D        | Found an ancient bone altar of Kikubaaqudgha.
   503 | D        | Found a hazy altar of Hepliaklqana.
   503 | D        | Found a stormy altar of Qazlal.
   503 | D        | Found a hide-covered altar of Uskayaw.
   503 | D        | Found a blossoming altar of Fedhas.
   503 | D        | Found a bloodstained altar of Trog.
   503 | D        | Found an iron altar of Okawaru.
   503 | D        | Found a basalt altar of Yredelemnul.
   503 | D        | Found a glowing golden altar of the Shining One.
   503 | D        | Found a snail-covered altar of Cheibriados.
   503 | D        | Found a sacrificial altar of Ru.
   503 | D        | Found a glowing silver altar of Zin.
   503 | D        | Found a shadowy altar of Dithmenos.
   503 | D        | Found a white marble altar of Elyvilon.
   503 | D        | Noticed a yak
   514 | D        | Killed a yak
   514 | D        | Reached skill level 11 in Long Blades
   515 | D        | Found an opulent altar of Gozag.
   516 | D        | Found a sparkling altar of Nemelex Xobeh.
   520 | D        | Bought a ration for 50 gold pieces
   659 | D        | Found a burning altar of Makhleb.
   659 | D        | Found a viscous altar of Jiyva.
   659 | D        | Found a shimmering altar of Xom.
   659 | D        | Found a corrupted altar of Lugonu.
   659 | D        | Noticed a slime creature
   670 | D        | Killed a slime creature
   670 | D        | Reached *** piety under Trog
   670 | D        | Reached XP level 7. HP: 28/70 MP: 6/6
   880 | D        | Noticed a kobold demonologist
   880 | D        | Noticed a kobold demonologist
   887 | D        | Noticed a sixfirhy
   889 | D        | Noticed a hellwing
   893 | D        | Noticed a smoke demon
   895 | D        | Noticed a chaos spawn
   895 | D        | Killed a kobold demonologist
   895 | D        | Reached skill level 10 in Fighting
   895 | D        | Reached skill level 12 in Long Blades
   902 | D        | Killed a kobold demonologist
   902 | D        | Reached **** piety under Trog
   902 | D        | Reached skill level 13 in Long Blades
   902 | D        | Reached XP level 8. HP: 28/82 MP: 7/7
  1120 | D        | Noticed a demonic crawler
  1120 | D        | Noticed a demonic crawler
  1120 | D        | Noticed a demonic crawler
  1120 | D        | Noticed a demonic crawler
  1121 | D        | Killed a demonic crawler
  1123 | D        | Killed a demonic crawler
  1124 | D        | Killed a demonic crawler
  1128 | D        | Killed a demonic crawler
  1128 | D        | Reached skill level 14 in Long Blades
  1152 | D        | Noticed a lindwurm
  1172 | D        | HP: 3/83 [lindwurm (10)]
  1172 | D        | Slain by a lindwurm

Skill      XL: |  1  2  3  4  5  6  7  8 |
---------------+-------------------------+-----
Long Blades    | 5 7 9 11 13 14 | 14.0
Dodging        | 5 8 11 12 13 | 13.7
Fighting       | 4 9 11 12 | 12.3
Armour         | |  2.4

Action                   |  1- 3 |  4- 6 |  7- 9 || total
-------------------------+-------+-------+-------++-------
Melee: Falchion          |     7 |    39 |    25 ||    71
       Headbutt          |     1 |    12 |    13 ||    26
       Scimitar          |       |       |    16 ||    16
Invok: Berserk           |     1 |       |     2 ||     3
       Trog's Hand       |       |       |     2 ||     2
       Brothers in Arms  |       |       |     1 ||     1
  Use: Potion            |       |       |     2 ||     2
  Eat: Ration            |       |       |     1 ||     1
Armor: Scale mail        |       |     5 |     9 ||    14
Dodge: Dodged            |     3 |     9 |    34 ||    46
       Rpst.: Falchion   |     1 |     3 |     5 ||     9
       Scimitar          |       |       |     1 ||     1
